General information
- name: BNet
- type: Ladder team game (AT/RT)
- host: Battle.net
- saver: war.snow
map: PhantomGrove
- players: 4
- length: 145:57
- speed: Fast
- version: 1.22 W3XP
- replay type: Public
» download(567 KB)
Players
team 1 (winner)
Kensavodje (
red | 52 APM | 7654 actions | 145:56)
10 Pandaren Brewmaster
3 Breath of Fire
3 Drunken Haze
1 Storm Earth and Fire
3 Drunken Brawler
» actions
| Basic commands | 6 | |
| Build / train | 34 | |
| ESC pressed | 1 | |
| Enter build submenu | 36 | |
| Enter hero's abilities submenu | 10 | |
| Give item / drop item | 7 | |
| Right click | 6744 | |
| Select / deselect | 507 | |
| Use ability | 308 | |
7654 total
» units
» upgrades
| Ultravision | 1 | |
| Well Spring | 1 | |
| Nature's Blessing | 1 | |
3 total
» buildings
| Moon Well | 63 | |
| Altar of Elders | 4 | |
| Tree of Ages | 1 | |
| Hunter's Hall | 1 | |
| Tree of Eternity | 2 | |
| Ancient of Wonders | 2 | |
| Tree of Life | 1 | |
74 total
» build order
00:07 Moon Well
00:25 Moon Well
00:39 Altar of Elders
01:39 Moon Well
02:00 Moon Well
02:11 Moon Well
02:39 Moon Well
03:41 Moon Well
03:43 Moon Well
04:12 Moon Well
05:11 Moon Well
05:14 Moon Well
07:02 Moon Well
07:03 Moon Well
07:06 Moon Well
07:07 Moon Well
09:01 Moon Well
10:19 Tree of Ages
10:23 Hunter's Hall
11:07 Moon Well
11:09 Moon Well
11:10 Moon Well
13:30 Tree of Eternity
13:31 Tree of Eternity
13:34 Moon Well
13:35 Moon Well
13:37 Moon Well
13:39 Moon Well
13:41 Moon Well
13:45 Moon Well
13:46 Moon Well
13:47 Moon Well
13:48 Moon Well
13:51 Moon Well
13:53 Moon Well
13:57 Moon Well
13:58 Moon Well
14:00 Moon Well
14:01 Moon Well
14:01 Moon Well
14:06 Moon Well
16:37 Ancient of Wonders
17:44 Moon Well
17:55 Moon Well
18:01 Moon Well
18:02 Moon Well
18:03 Moon Well
31:53 Ancient of Wonders
31:57 Moon Well
31:58 Moon Well
31:59 Moon Well
32:03 Moon Well
32:07 Moon Well
32:09 Moon Well
32:10 Moon Well
32:15 Moon Well
32:16 Moon Well
32:17 Moon Well
36:37 Altar of Elders
38:39 Moon Well
38:45 Moon Well
38:45 Moon Well
39:42 Altar of Elders
39:44 Altar of Elders
76:33 Moon Well
76:47 Moon Well
77:01 Moon Well
79:29 Moon Well
79:38 Moon Well
91:33 Moon Well
91:42 Moon Well
101:55 Moon Well
105:00 Moon Well
118:50 Tree of Life
» items
| Boots of Speed | 1 | |
| Staff of Teleportation | 1 | |
| Periapt of Vitality | 1 | |
| Orb of Lightning | 1 | |
| Moonstone | 1 | |
5 total
war.snow (
orange | 65 APM | 9529 actions | 145:57)
10 Pandaren Brewmaster
3 Breath of Fire
3 Drunken Brawler
1 Storm Earth and Fire
3 Drunken Haze
» actions
| Assign group hotkey | 6 | |
| Basic commands | 121 | |
| Build / train | 32 | |
| ESC pressed | 4 | |
| Enter build submenu | 132 | |
| Enter hero's abilities submenu | 10 | |
| Give item / drop item | 5 | |
| Right click | 5845 | |
| Select / deselect | 2426 | |
| Select group hotkey | 489 | |
| Use ability | 458 | |
9529 total
» units
» buildings
| Altar of Storms | 1 | |
| Orc Burrow | 2 | |
| War Mill | 1 | |
| Voodoo Lounge | 1 | |
| Watch Tower | 92 | |
| Stronghold | 2 | |
| Fortress | 1 | |
| Great Hall | 2 | |
102 total
» build order
00:02 Altar of Storms
00:20 Orc Burrow
00:59 War Mill
01:37 Voodoo Lounge
02:12 Watch Tower
02:35 Watch Tower
02:42 Watch Tower
02:43 Watch Tower
02:45 Watch Tower
03:23 Watch Tower
03:45 Watch Tower
04:05 Watch Tower
04:07 Watch Tower
04:31 Watch Tower
04:44 Stronghold
04:44 Stronghold
05:14 Watch Tower
05:18 Watch Tower
05:22 Watch Tower
05:43 Watch Tower
06:30 Watch Tower
06:31 Watch Tower
06:32 Watch Tower
06:48 Watch Tower
07:07 Watch Tower
08:36 Watch Tower
08:40 Watch Tower
08:41 Watch Tower
09:44 Watch Tower
09:46 Watch Tower
09:52 Watch Tower
09:53 Watch Tower
10:49 Watch Tower
11:01 Watch Tower
11:07 Watch Tower
11:21 Fortress
11:57 Watch Tower
12:04 Watch Tower
12:11 Watch Tower
13:16 Watch Tower
13:19 Watch Tower
13:55 Watch Tower
14:22 Watch Tower
14:29 Watch Tower
14:48 Watch Tower
15:11 Watch Tower
15:33 Watch Tower
15:55 Watch Tower
16:27 Watch Tower
16:37 Watch Tower
17:02 Watch Tower
17:35 Watch Tower
17:42 Watch Tower
18:07 Watch Tower
18:38 Watch Tower
18:46 Watch Tower
19:12 Watch Tower
19:58 Watch Tower
20:03 Watch Tower
20:16 Watch Tower
23:00 Watch Tower
23:01 Watch Tower
23:16 Watch Tower
24:05 Watch Tower
24:05 Watch Tower
24:25 Orc Burrow
34:25 Watch Tower
34:25 Watch Tower
34:26 Watch Tower
34:28 Watch Tower
34:29 Watch Tower
34:30 Watch Tower
36:29 Watch Tower
36:30 Watch Tower
36:40 Watch Tower
36:40 Watch Tower
36:41 Watch Tower
39:37 Watch Tower
39:37 Watch Tower
39:38 Watch Tower
39:39 Watch Tower
39:40 Watch Tower
39:41 Watch Tower
41:57 Watch Tower
42:09 Watch Tower
56:10 Watch Tower
56:11 Watch Tower
57:20 Watch Tower
57:20 Watch Tower
58:25 Watch Tower
58:26 Watch Tower
59:10 Watch Tower
59:12 Watch Tower
60:13 Watch Tower
60:21 Watch Tower
60:54 Watch Tower
62:54 Watch Tower
64:12 Watch Tower
64:30 Watch Tower
66:01 Watch Tower
125:25 Great Hall
125:31 Great Hall
» items
| Staff of Teleportation | 1 | |
| Boots of Speed | 1 | |
| Orb of Lightning | 3 | |
| Potion of Healing | 1 | |
| Circlet of Nobility | 1 | |
7 total
team 2 (loser)
Shadowsong76 (
yellow | 57 APM | 8358 actions | 145:55)
7 Paladin
1 Holy Light
3 Divine Shield
2 Devotion Aura
1 Resurrection
6 Archmage
2 Summon Water Elemental
3 Brilliance Aura
1 Mass Teleport
» actions
| Assign group hotkey | 137 | |
| Basic commands | 10 | |
| Build / train | 287 | |
| Enter build submenu | 59 | |
| Enter hero's abilities submenu | 13 | |
| Give item / drop item | 8 | |
| Remove unit from queue | 10 | |
| Right click | 4977 | |
| Select / deselect | 1280 | |
| Select group hotkey | 1326 | |
| Use ability | 251 | |
8358 total
» units
| Peasant | 53 | |
| Footman | 6 | |
| Rifleman | 8 | |
| Priest | 8 | |
| Sorceress | 7 | |
| Mortar Team | 80 | |
| Siege Engine | 2 | |
| Gryphon Rider | 20 | |
| Spell Breaker | 29 | |
213 total
» upgrades
| Defend | 1 | |
| Swords | 3 | |
| Plating | 3 | |
| Long Rifles | 1 | |
| Lumber Harvesting | 2 | |
| Masonry | 3 | |
| Gunpowder | 3 | |
| Armor | 3 | |
| Priest Training | 2 | |
| Sorceress Training | 2 | |
| Storm Hammers | 1 | |
| Fragmentation Shards | 1 | |
| Flare | 1 | |
| Magic Sentry | 1 | |
| Animal War Training | 1 | |
| Control Magic | 1 | |
29 total
» buildings
| Altar of Kings | 1 | |
| Farm | 18 | |
| Barracks | 1 | |
| Lumber Mill | 1 | |
| Arcane Vault | 1 | |
| Blacksmith | 1 | |
| Scout Tower | 22 | |
| Keep | 1 | |
| Arcane Sanctum | 1 | |
| Castle | 1 | |
| Guard Tower | 6 | |
| Gryphon Aviary | 1 | |
| Workshop | 2 | |
| Town Hall | 7 | |
| Cannon Tower | 4 | |
| Arcane Tower | 5 | |
73 total
» build order
00:14 Altar of Kings
00:25 Farm
00:47 Barracks
00:58 Farm
01:14 Lumber Mill
02:08 Farm
02:21 Arcane Vault
03:26 Blacksmith
03:30 Scout Tower
04:25 Keep
05:38 Farm
05:40 Farm
06:53 Farm
07:16 Arcane Sanctum
09:26 Castle
09:36 Guard Tower
09:39 Scout Tower
09:41 Farm
10:09 Farm
10:31 Guard Tower
13:31 Gryphon Aviary
13:34 Farm
14:18 Workshop
15:53 Town Hall
20:22 Scout Tower
23:28 Farm
26:10 Town Hall
27:11 Farm
33:06 Guard Tower
38:43 Scout Tower
39:42 Guard Tower
39:46 Scout Tower
40:14 Scout Tower
40:22 Cannon Tower
40:59 Cannon Tower
41:04 Scout Tower
41:19 Farm
41:34 Guard Tower
42:14 Farm
42:46 Farm
42:50 Farm
43:34 Farm
43:59 Scout Tower
44:03 Scout Tower
44:28 Cannon Tower
44:32 Scout Tower
44:36 Cannon Tower
49:23 Scout Tower
49:29 Scout Tower
49:53 Arcane Tower
49:56 Scout Tower
50:01 Scout Tower
50:02 Arcane Tower
50:24 Arcane Tower
50:29 Arcane Tower
52:28 Scout Tower
53:37 Scout Tower
54:06 Arcane Tower
54:09 Scout Tower
58:12 Farm
72:38 Farm
74:36 Town Hall
90:01 Scout Tower
90:04 Scout Tower
90:29 Workshop
92:21 Scout Tower
92:48 Scout Tower
93:19 Guard Tower
93:21 Scout Tower
102:37 Town Hall
119:43 Town Hall
127:05 Town Hall
127:39 Town Hall
» items
| Potion of Healing | 1 | |
| Scroll of Regeneration | 1 | |
| Potion of Lesser Invulnerability | 1 | |
3 total
Trall_3 (
teal | 29 APM | 4273 actions | 145:29)
6 Warden
2 Fan of Knives
3 Shadow Strike
1 Spirit of Vengeance
» actions
| Assign group hotkey | 31 | |
| Basic commands | 2 | |
| Build / train | 151 | |
| ESC pressed | 11 | |
| Enter build submenu | 52 | |
| Enter hero's abilities submenu | 8 | |
| Give item / drop item | 2 | |
| Remove unit from queue | 13 | |
| Right click | 1774 | |
| Select / deselect | 1140 | |
| Select group hotkey | 833 | |
| Use ability | 252 | |
4273 total
» units
| Wisp | 60 | |
| Archer | 21 | |
| Chimaera | 20 | |
| Hippogryph | 3 | |
| Faerie Dragon | 2 | |
| Dryad | 4 | |
110 total
» upgrades
| Improved Bows | 1 | |
| Nature's Blessing | 1 | |
| Reinforced Hides | 3 | |
| Ultravision | 1 | |
| Marksmanship | 1 | |
| Well Spring | 1 | |
| Strength of the Wild | 3 | |
| Moon Armor | 3 | |
| Strength of the Moon | 3 | |
| Corrosive Breath | 1 | |
| Hippogryph Taming | 1 | |
19 total
» buildings
| Altar of Elders | 1 | |
| Moon Well | 24 | |
| Ancient of War | 1 | |
| Ancient of Wonders | 1 | |
| Tree of Life | 4 | |
| Tree of Ages | 1 | |
| Tree of Eternity | 1 | |
| Hunter's Hall | 1 | |
| Ancient of Wind | 2 | |
| Ancient Protector | 4 | |
| Chimaera Roost | 2 | |
| Ancient of Lore | 2 | |
44 total
» build order
00:07 Altar of Elders
00:11 Moon Well
00:35 Ancient of War
01:28 Moon Well
01:52 Ancient of Wonders
04:02 Moon Well
04:39 Tree of Life
05:18 Tree of Ages
09:35 Moon Well
09:40 Tree of Eternity
10:19 Hunter's Hall
10:36 Ancient of Wind
11:23 Ancient of Wind
11:41 Ancient Protector
11:45 Ancient Protector
12:01 Ancient Protector
13:12 Chimaera Roost
14:43 Ancient Protector
14:49 Moon Well
15:56 Chimaera Roost
18:50 Tree of Life
20:15 Tree of Life
20:51 Moon Well
22:09 Moon Well
32:38 Moon Well
32:39 Moon Well
33:03 Moon Well
33:08 Moon Well
33:38 Moon Well
33:41 Moon Well
34:04 Moon Well
34:18 Moon Well
50:14 Moon Well
51:24 Moon Well
53:08 Moon Well
58:21 Tree of Life
63:05 Moon Well
65:00 Moon Well
66:04 Moon Well
72:35 Ancient of Lore
73:56 Ancient of Lore
88:29 Moon Well
89:03 Moon Well
91:21 Moon Well
Chat log
(57:00 / All) Trall_3: u know we win :)
(57:02 / All) war.snow: lol
(57:05 / All) war.snow: u know we win
(57:07 / All) Trall_3: but u have good technic
(57:08 / All) Kensavodje: we know u won't : )
(57:09 / All) Trall_3: omg
(57:10 / All) Trall_3: ...
(57:16 / All) war.snow: we have experience with this
(57:17 / All) war.snow: we win
(57:23 / All) war.snow: trust me :P
(57:30 / All) Trall_3: no money = loose
(121:26 / All) Kensavodje: one off our closest times eer
(121:29 / All) Kensavodje: ever*
(121:50 / All) Trall_3: u re technik is really good u know
(121:56 / All) Kensavodje: ty : )
(122:05 / All) Trall_3: but u see, ure not going to win xD
(122:10 / All) Trall_3: va voir de tps en tps
(122:11 / All) war.snow: not decided yet :D
(122:15 / All) Trall_3: =)
(122:16 / All) Kensavodje: u know it's getting close for ya
(122:21 / All) Trall_3: xD
(122:34 / All) Trall_3: noin
(126:11 / All) war.snow: nice reaction :D
(132:52 / All) Kensavodje: YES
(132:53 / All) war.snow: gg
(132:54 / All) Kensavodje: sry
(132:56 / All) Kensavodje: gg
(133:06 / All) war.snow: ty for the game :P
(133:56 / All) Kensavodje: gg
(134:01 / All) Kensavodje: seriously
(134:02 / All) Trall_3: erf
(134:03 / All) Trall_3: :(
(134:07 / All) Kensavodje: best we ever played : )
(134:18 / All) Trall_3: xD
(134:28 / All) Kensavodje: we sometimes lose at start
(134:43 / All) Trall_3: oops
(134:44 / All) Trall_3: :p
(134:54 / All) Kensavodje: we were wondering :P
(135:07 / All) Trall_3: refé ton paladin
(135:09 / All) Trall_3: ou des mortier
(135:30 / All) Kensavodje: woot
(135:35 / All) Trall_3: cache les vite oki :p
(135:36 / All) Kensavodje: basic french helped me : )
(135:42 / All) Trall_3: omg really N
(135:43 / All) Trall_3: xD
(135:49 / All) Kensavodje: belgium ftw : )àp
(135:56 / All) Trall_3: omg
(135:58 / All) Trall_3: ...
(136:01 / All) Trall_3: unlucky :p
(136:03 / All) Kensavodje: finally the lesson prove themself usefull : )
(136:20 / All) Trall_3: cache les truc que té entr1 de fair ok ?
(136:28 / All) Trall_3: grillé
(137:00 / All) Kensavodje: nope ;P
(137:08 / All) Trall_3: shadowsong sérieu, bien joué qd mm
(137:18 / All) Trall_3: good technik guys, can i copy ? :p
(137:32 / All) Kensavodje: we'd love to spread this start :P
(137:35 / All) Kensavodje: strat* :P
(138:01 / All) Kensavodje: just find a good ally (that also wants to play it becose you already have one) : )
(138:24 / All) Trall_3: its the first time i played with shad'
(138:29 / All) Trall_3: =)
(139:37 / All) war.snow: GREAT game :D
(141:49 / All) Trall_3: ok i leave
(141:52 / All) war.snow: gg
(141:54 / All) Trall_3: thx for fucking game
(141:58 / All) war.snow: lol admit
(141:59 / All) Kensavodje: ty : )
(142:03 / All) war.snow: it was fun
(142:04 / All) war.snow: :D
(142:07 / All) Kensavodje: : )
(142:11 / All) Trall_3: difficult
(142:16 / All) war.snow: for us too :PD
(142:16 / All) Trall_3: u have only 10 towers
(142:17 / All) Trall_3: :(
(142:19 / All) war.snow: :(
(142:24 / All) Kensavodje: as we say
(142:25 / All) war.snow: 8
(142:29 / All) Kensavodje: closest game ever : )
(142:34 / All) Trall_3: i think u play well, but u have a littel luck
(142:35 / All) Trall_3: :(
(142:37 / All) Trall_3: erf
(142:43 / All) war.snow: but I BRING PANDAMONIUM
(142:46 / All) war.snow: np :D
(142:48 / All) Kensavodje: you need always a little luck : )
(142:51 / All) Trall_3: =)
(142:55 / All) Trall_3: i neverr has luck :p
(142:59 / All) Trall_3: not on warcarft xD
(143:06 / All) war.snow: you will if you go panda style :P
(143:12 / All) Trall_3: i love them
(143:23 / All) war.snow: panda's own towers
(143:25 / All) Trall_3: i enjoy hereos of pandaria : brawl
(143:27 / All) war.snow: real hard
(143:32 / All) Kensavodje: yeah
(143:37 / All) Kensavodje: they always tower push
(143:41 / All) Kensavodje: (so did you :P )
(143:41 / All) Trall_3: :p
(143:45 / All) Trall_3: xD
(143:47 / All) war.snow: (nubs) :D
(143:49 / All) Trall_3: okay
(143:53 / All) Trall_3: +++
(143:54 / All) Trall_3: =)
(143:59 / All) Kensavodje: in start it works
(144:02 / All) Kensavodje: (abit)
(144:09 / All) war.snow: not when lvl 5+
(144:12 / All) Trall_3: a question
(144:14 / All) Kensavodje: if you have enough units to distract XD
(144:17 / All) war.snow: yeah?
(144:22 / All) Trall_3: avec u another town hall ?
(144:30 / All) war.snow: you? :D
(144:31 / All) Trall_3: have
(144:31 / All) Kensavodje: nope XD
(144:34 / All) Trall_3: ok
(144:37 / All) Trall_3: only 10 tower ? :p
(144:38 / All) war.snow: 8
(144:39 / All) Trall_3: xDDDDDDDDDDDDDDDDDDDDDDDDDDDd
(144:41 / All) Trall_3: lol
(144:42 / All) Trall_3: xD
(144:47 / All) Kensavodje: as we say :P
(144:54 / All) Kensavodje: closest game ever for us :P
(145:32 / All) war.snow: gg
(145:40 / All) Kensavodje: finally
(145:44 / All) Kensavodje: now we reveal you! XD